 Dungeon Crawl Stone Soup version 0.20-a0-960-ge493e74 (webtiles) character file.

298 Murumi the Covert (level 6, -2/33 HPs)
             Began as a Spriggan Assassin on Apr 7, 2017.
             Slain by Grinder (3 damage)
             ... on level 4 of the Dungeon.
             The game lasted 00:22:07 (4453 turns).

Murumi the Covert (Spriggan Assassin)               Turns: 4453, Time: 00:22:07

Health: -2/33      AC:  2    Str:  7    XL:     6   Next: 13%
Magic:  7/7        EV: 20    Int: 12    God:
Gold:   190        SH:  0    Dex: 20    Spells: 5/5 levels left

rFire    + + .     SeeInvis +   i - +2 dagger (venom)
rCold    + . .     Gourm    .   (shield restricted)
rNeg     . . .     Faith    .   c - +0 robe
rPois    .         Spirit   .   (helmet restricted)
rElec    .         Reflect  .   m - scarf {rC+ rF+}
rCorr    .         Harm     .   (gloves unavailable)
MR       +....                  (boots unavailable)
Stlth    +++++.....             (no amulet)
Regen    0.2/turn               k - ring of protection from fire
MPRegen  0.1/turn               (no ring)

@: very quick
A: unfitting armour, see invisible, herbivore 3, speed 3, robust 1, slow
metabolism 2
a: no special abilities


You were on level 4 of the Dungeon.
You were very hungry.

You visited 2 branches of the dungeon, and saw 5 of its levels.

You collected 190 gold pieces.

Inventory:

Hand Weapons
 b - a +0 blowgun
 i - a +2 dagger of venom (weapon)
Armour
 c - a +0 robe (worn)
 m - a scarf of resistance (worn)
Jewellery
 k - a ring of protection from fire (left hand)
Wands
 d - a wand of flame (1/48)
Scrolls
 n - a scroll of random uselessness {unknown}
Potions
 a - a potion of ambrosia {unknown}
 j - a potion of agility {unknown}
Comestibles
 g - 4 bread rations
 l - a royal jelly


   Skills:
 - Level 1.5 Fighting
 + Level 2.7 Short Blades
 - Level 2.0 Throwing
 - Level 4.0 Dodging
 - Level 10.1 Stealth


You had 5 spell levels left.
You didn't know any spells.

Dungeon Overview and Level Annotations

Branches:
Dungeon (4/15)             Temple (1/1) D:4

Altars:
Ashenzari
Elyvilon
Hepliaklqana
Makhleb
Okawaru
Qazlal
Ru
Sif Muna
Trog
Vehumet
Wu Jian
Zin
The Shining One

Annotations:
D:3 cirnu's ghost, amateur DsAK
D:4 Grinder


Innate Abilities, Weirdness & Mutations

You are very small and have problems with some larger weapons.
You are too small for most types of armour.
You have supernaturally acute eyesight. (SInv)
You are a herbivore.
You cover ground extremely quickly.
You need consume almost no food.
You are robust. (+10% HP)


Message History

Pain shoots through your body!
You barely miss Grinder.
Grinder is moderately wounded.
Grinder hits you!
You writhe in agony.
* * * LOW HITPOINT WARNING * * *
The orc wizard shouts!
You hit Grinder.
Grinder looks as sick as possible!
Grinder is moderately wounded.
The orc wizard casts a spell at you. The magic dart hits you!
* * * LOW HITPOINT WARNING * * *
Grinder grins, showing sharp teeth.
Grinder blinks!
There is a staircase to the Ecumenical Temple here.
You hit Grinder.
Grinder is moderately wounded.
You closely miss Grinder.
Grinder is heavily wounded.
Grinder hits you.
You die...

.. ..# #...... ...
...########.....#. ...
.....#...........
#.#.###.....###.....#
#.#.....(...........#
#.......(....#.....######
#..........#...........
#.(.⌠.@.⌠...<.(((<.....
#.....5......(.....)...
##...[)....#...........
#.#.o...##(.#.........
#.##.......##.........
###.##.#.#..#####.##....
##......#.#.>..###.###.#.
#..#.####.#.##..##.###.#.
#..#.####...###..#.##.÷#.


You could see Grinder and an orc wizard.

Vanquished Creatures
  A crimson imp (D:4)
  3 orc wizards
  A hound (D:4)
  A worker ant (D:4)
  5 adders
  An adder skeleton (D:4)
  3 worms (D:2)
  2 dart slugs
  3 leopard geckos
  3 orcs
  A ball python (D:1)
  3 giant cockroaches
  4 goblins
  9 hobgoblins
  A jackal (D:3)
  A quokka (D:2)
  11 bats
  A frilled lizard (D:2)
  4 kobolds
  4 rats
62 creatures vanquished.

Notes
Turn   | Place    | Note
-------+----------+-------------------------------------------
     0 | D:1      | Murumi the Spriggan Assassin began the quest for the Orb.
     0 | D:1      | Reached XP level 1. HP: 10/10 MP: 2/2
    41 | D:1      | Reached skill level 6 in Stealth
   529 | D:1      | Reached XP level 2. HP: 13/14 MP: 3/3
  1495 | D:2      | Reached XP level 3. HP: 18/18 MP: 4/4
  1496 | D:2      | Found a shattered altar of Ashenzari.
  1980 | D:3      | Reached skill level 7 in Stealth
  2047 | D:3      | Noticed cirnu's ghost (amateur DsAK)
  2076 | D:3      | Reached XP level 4. HP: 22/22 MP: 5/5
  2190 | D:3      | Reached skill level 8 in Stealth
  3154 | D:3      | Found a sacrificial altar of Ru.
  3166 | D:3      | Reached XP level 5. HP: 21/25 MP: 6/6
  3173 | D:3      | Reached skill level 9 in Stealth
  3275 | D:3      | Gained mutation: You are robust. (+10% HP) [potion of mutation]
  3320 | D:4      | Found a staircase to the Ecumenical Temple.
  3337 | Temple   | Entered the Ecumenical Temple
  3760 | D:4      | Noticed Grinder
  3761 | D:4      | Paralysed by Grinder for 4 turns
  3905 | D:4      | Found a radiant altar of Vehumet.
  3905 | D:4      | Found a burning altar of Makhleb.
  3909 | D:4      | Reached skill level 10 in Stealth
  3927 | D:4      | Reached XP level 6. HP: 33/33 MP: 7/7
  4449 | D:4      | HP: 1/33 [orc wizard/magic dart (7)]
  4453 | D:4      | Slain by Grinder

Vault maps used:
D:1:      onia_arrival_pentagram
D:2:      kennysheep_big_flooded_room, marbit_many_paths, minmay_misc_feat_tiny
D:3:      first_bread, nicolae_ru_great_annihilating_truth
D:4:      grunt_temple_overflow_lords_of_destruction, cheibriados_altar_1,
          temple_fountains, uniq_grinder
Temple:   nicolae_temple_figure_zero

Skill      XL: |  1  2  3  4  5 |
---------------+----------------+-----
Stealth        | 6 7 8 10 | 10.1
Dodging        | 3 4 |  4.0
Fighting       | |  1.5
Short Blades   | |  2.7
Throwing       | |  2.0

Action                   |  1- 3 |  4- 6 || total
-------------------------+-------+-------++-------
Melee: Dagger            |   107 |   100 ||   207
 Fire: Blowgun           |     5 |    13 ||    18
  Use: Scroll            |     6 |     4 ||    10
       Potion            |       |     2 ||     2
 Stab: Sleeping          |     9 |    10 ||    19
Armor: Robe              |     8 |     5 ||    13
Dodge: Dodged            |    70 |    55 ||   125
